AoeStats
← EL GORDO VALOR

Arabia

510017579Analyzed
3v3 RM · 4d ago on Sep 29, 2026· 27m 47s· 6 players
Game mode
Random Map
Map size
Normal (6 player)
Population
200
Speed
Normal
Resources
Standard
Victory
Conquest
Starting age
Dark Age
Ending age
Imperial Age
RankedLock teamsTeams togetherTeam positionsShared explorationLock speedFull tech treeHidden civsTurbo modeCheats
Victory
Defeat
🇧🇷 Vietnamese · Brazil
1582
+8
🇧🇷 Persians · Brazil
1374
+16
🇧🇷 Sicilians · Brazil
1338
+18
🇦🇷 Britons · Argentina
1389
-14
🇦🇷 Varangians · Argentina
1388
-14
🇦🇷 Maya · Argentina
1382
-14
Uas Qui Tah
6:59 Loom
10:35 Feudal Age
12:29 Fletching
21:00 Padded Archer Armor
EL GORDO VALOR
6:17 Loom
8:58 Feudal Age
9:27 Double-Bit Axe
11:10 Horse Collar
16:18 Scale Barding Armor
17:47 Bloodlines
22:30 Wheelbarrow
26:00 Castle Age
25:46 Gold Mining
27:02 Forging
28:19 Chain Barding Armor
28:00 Husbandry
Llambitos Hope
0:25 Loom
10:37 Feudal Age
11:28 Double-Bit Axe
17:24 Fletching
20:54 Horse Collar
22:43 Wheelbarrow
28:10 Castle Age
27:29 Gold Mining
27:40 Padded Archer Armor
Fs. Morre na Imp
2:15 Loom
9:46 Feudal Age
10:56 Double-Bit Axe
12:04 Fletching
18:15 Horse Collar
19:48 Padded Archer Armor
23:54 Castle Age
22:56 Gold Mining
24:38 Bodkin Arrow
24:18 Crossbowman
25:34 Thumb Ring
Fs.Igor
5:45 Loom
5:57 Loom
8:56 Feudal Age
9:29 Double-Bit Axe
13:58 Scale Barding Armor
16:13 Forging
23:15 Castle Age
22:26 Bloodlines
22:04 Horse Collar
22:18 Gold Mining
23:46 Wheelbarrow
24:03 Bow Saw
24:06 Heavy Plow
24:31 Fletching
25:04 Chain Barding Armor
25:47 Husbandry
27:12 Iron Casting
Fs.Corisco^Hs
5:44 Loom
24:23 Feudal Age
28:20 Castle Age
26:21 Horse Collar
Connection lost

Rejoining the realm…

Still unreachable

The connection could not be restored.

Session expired

The server has moved on; the page needs a fresh start.